 Dungeon Crawl Stone Soup version 0.26-a0-1107-g6118521029 (webtiles) character file.

Game seed: 4701575334451416860

58 vvl the Insei (level 4, -3/28 HPs)
             Began as an Octopode Transmuter on Dec 16, 2020.
             Slain by an ice beast (5 damage)
             ... on level 2 of the Dungeon.
             The game lasted 00:07:18 (1336 turns).

vvl the Insei (Octopode Transmuter)                 Turns: 1336, Time: 00:07:18

Health: -3/28      AC:  1    Str:  9    XL:     4   Next: 1%
Magic:  5/7        EV: 13    Int: 16    God:
Gold:   65         SH:  0    Dex: 12    Spells: 6/7 levels left

rFire    . . .     SeeInvis .     - Unarmed
rCold    . . .     Faith    .   (no shield)
rNeg     . . .     Spirit   .   (helmet currently unavailable)
rPois    .         Reflect  .   (no amulet)
rElec    .         Harm     .   (no ring)
rCorr    .         Rampage  .   (no ring)
Will     .....                  (no ring)
Stlth    +++.......             (no ring)
HPRegen  0.09/turn              (no ring)
MPRegen  0.10/turn              (no ring)
                                (no ring)
                                (no ring)

@: appendages
A: almost no armour, stealthy swim, amphibious, 8 rings, constrict 8, tentacle
spike 3, camouflage 1, gelatinous body 1
a: End Transformation


You were on level 2 of the Dungeon.
One of your tentacles had a temporary spike.
You visited 1 branch of the dungeon, and saw 2 of its levels.

You collected 65 gold pieces.

Inventory:

Hand Weapons
 f - a +2 flail of protection
 k - a +0 short sword of protection
Jewellery
 d - an uncursed ring of see invisible {unknown}
Scrolls
 a - a scroll of teleportation {unknown}
 b - 2 scrolls of fog {unknown}
 c - 2 scrolls of amnesia {unknown}
 e - a scroll of fear {unknown}
 h - a scroll of identify {unknown}
 j - a scroll of remove curse {unknown}
Potions
 g - a potion of curing {unknown}
 i - a potion of might {unknown}


   Skills:
 - Level 1.0 Fighting
 + Level 2.5 Dodging
 + Level 1.2 Stealth
 + Level 3.7 Unarmed Combat
 + Level 2.3 Spellcasting
 + Level 2.5 Transmutations


You had 6 spell levels left.
You knew the following spells:

 Your Spells              Type           Power        Failure   Level
a - Beastly Appendage     Tmut           #.....       8%          1

Your spell library contained the following spells:

 Spells                   Type           Power        Failure   Level
 Wereblood                Tmut           #.......     11%         2
 Spider Form              Tmut/Pois      #.........   36%         3
 Ice Form                 Ice/Tmut       #.......     77%         4
 Blade Hands              Tmut           #.........   90%         5


Dungeon Overview and Level Annotations

Branches:
Dungeon (2/15)

Altars:
Nemelex Xobeh
Wu Jian


Innate Abilities, Weirdness & Mutations

You cannot wear most types of armour.
You are very stealthy in the water. (Stealth+)
You are amphibious.
You can wear up to eight rings at the same time.
You can use your tentacles to constrict eight enemies at once.
Your skin changes colour to match your surroundings (Stealth+).
Your rubbery body absorbs attacks. (AC +1, EV +1)
One of your tentacles bears a large vicious spike.


Message History

One of your tentacles grows a vicious spike.
The leopard gecko misses you. x2
You tentacle-slap the leopard gecko. Your grab misses the leopard gecko.
You pierce the leopard gecko.
You kill the leopard gecko!
The ice beast barely misses you.
You have reached level 4!
You closely miss the ice beast.
Your tentacle spike misses the ice beast.
The ice beast closely misses you.
You tentacle-slap the ice beast but do no damage.
Your tentacle spike misses the ice beast.
The ice beast misses you.
You barely miss the ice beast. The ice beast misses you.
The ice beast hits you. The ice beast freezes you!
* * * LOW HITPOINT WARNING * * *
The ice beast hits you.
* * * LOW HITPOINT WARNING * * *
The ice beast freezes you.
You die...

#............ #....
#............ #....
#............ .#....#
##............ .......
..............
.#....(#####.#.#########
#.......!.##.#.##.......
+...............'.......
#......@..##.#.##.......
#......Y..##.#.##.......
#............#.##.......
#.......†.####.##.......
#.........# #.##.......
#.......... ..##.......
###################..
..######... ........#
.....# ##... ........#
.... #....


You could see an ice beast.

Vanquished Creatures
  An adder (D:2)
  A worm (D:2)
  3 dart slugs
  2 leopard geckos
  3 ball pythons
  4 bats
  2 giant cockroaches
  3 goblins
  4 hobgoblins
  2 jackals (D:1)
  5 kobolds
  7 rats (D:1)
37 creatures vanquished.

Notes
Turn   | Place    | Note
-------+----------+-------------------------------------------
     0 | D:1      | vvl the Octopode Transmuter began the quest for the Orb.
     0 | D:1      | Reached XP level 1. HP: 13/13 MP: 3/3
   340 | D:1      | Reached XP level 2. HP: 18/18 MP: 3/5
   629 | D:1      | Reached XP level 3. HP: 15/23 MP: 6/6
  1061 | D:2      | Found an ornate altar of the Wu Jian Council.
  1072 | D:2      | Reached skill level 1 in Stealth
  1168 | D:2      | Found a sparkling altar of Nemelex Xobeh.
  1324 | D:2      | Noticed an ice beast
  1332 | D:2      | Reached XP level 4. HP: 18/28 MP: 5/7
  1336 | D:2      | Slain by an ice beast

Illustrated notes

Levels and vault maps discovered:
D:1:      ncdulo_smallfort, layout_rooms
D:2:      layout_basic, nemelex_altar_shiori, old_standard_altar

Skill      XL: |  1  2  3 |
---------------+----------+-----
Stealth        | 1 |  1.2
Fighting       | |  1.0
Dodging        | |  2.5
Unarmed Combat | |  3.7
Spellcasting   | |  2.3
Transmutations | |  2.5

Action                   |  1- 3 |  4- 6 || total
-------------------------+-------+-------++-------
Melee: Unarmed           |    77 |     3 ||    80
       Constrict         |    26 |       ||    26
       Tentacles         |    18 |       ||    18
       Kick              |     2 |       ||     2
       Punch             |     2 |       ||     2
 Cast: Beastly Appendage |     4 |       ||     4
 Stab: Sleeping          |     8 |       ||     8
Armor: Skin              |     6 |       ||     6
Dodge: Dodged            |    41 |     3 ||    44

Table legend: (Time is in decaauts)
 A = Elapsed time spent in this place.
 B = Non-inter-level travel time spent in this place.
 C = Inter-level travel time spent in this place.
 D = Time resting spent in this place.
 E = Time spent auto-exploring this place.
 F = Levels seen in this place.
 G = Mean time per level.
                   A        B        C        D        E       F      G
               +--------+--------+--------+--------+--------+-----+--------+
         Total |   1330 |   1237 |     93 |    244 |    768 |   2 |  665.0 |
       Dungeon |   1330 |   1237 |     93 |    244 |    768 |   2 |  665.0 |
               +--------+--------+--------+--------+--------+-----+--------+

Top non-repeatable levels by time:
     D:1: 896 daAuts
     D:2: 433 daAuts
